 Dungeon Crawl Stone Soup version 0.19-a0-518-g626ee58 (webtiles) character file.

224 zxpr0jk the Cutter (level 5, -2/39 HPs)
             Began as a Vampire Gladiator on June 6, 2016.
             Slain by Pikel
             ... wielding a +2 whip of electrocution
              (13 damage)
             ... on level 4 of the Dungeon.
             The game lasted 00:03:41 (2479 turns).

zxpr0jk the Cutter (Vampire Gladiator)              Turns: 2479, Time: 00:03:42

Health: -2/39      AC:  8    Str: 14    XL:     5   Next: 67%
Magic:  5/5        EV: 13    Int: 11    God:
Gold:   193        SH:  0    Dex: 15    Spells: 0 memorised, 4 levels left

rFire  . . .     SeeInvis +     a - +0 rapier
rCold  + . .     Gourm    .     b - +0 leather armour
rNeg   + + .     Faith    .     (no shield)
rPois  +         Spirit   .     g - +1 helmet
rElec  .         Dismiss  .     p - +1 cloak {rPois}
rCorr  .         Reflect  .     r - +0 pair of gloves
SustAt .         Harm     .     (no boots)
MR     .....                    (no amulet)
Stlth  +++.......               (no ring)
                                (no ring)

@: regenerating slowly, not resistant to hostile enchantments, fairly stealthy
A: fangs 3, see invisible, unbreathing
a: Bat Form


You were on level 4 of the Dungeon.
You were very thirsty.

You visited 1 branch of the dungeon, and saw 4 of its levels.

You collected 193 gold pieces.

Inventory:

Hand Weapons
 a - a +0 rapier (weapon)
 w - a +3 war axe
Missiles
 d - 3 throwing nets (quivered)
Armour
 b - a +0 leather armour (worn)
 g - a +1 helmet (worn)
 p - a +1 cloak of poison resistance (worn)
 r - a +0 pair of gloves (worn)
Jewellery
 h - an uncursed amulet of faith {unknown}
 i - an uncursed ring of positive energy {unknown}
Scrolls
 c - 2 scrolls of identify {unknown}
 j - 2 scrolls of teleportation {unknown}
 l - a scroll of noise {unknown}
 o - a scroll of enchant armour {unknown}
 s - a scroll of remove curse {unknown}
 t - a scroll of fog {unknown}
Potions
 e - a potion of blood
 k - a potion of haste {unknown}
 m - a potion of brilliance {unknown}
 n - a potion of might {unknown}
 q - a potion of berserk rage {unknown}
 u - a potion of cure mutation {unknown}
 v - a potion of flight {unknown}


   Skills:
 + Level 2.3 Fighting
 * Level 4.5 Short Blades
 - Level 1.6 Throwing
 * Level 2.1 Armour
 + Level 3.8 Dodging
 * Level 4.2 Stealth


You had 4 spell levels left.
You didn't know any spells.

Dungeon Overview and Level Annotations

Branches:
Dungeon (4/15)
 Temple: D:4-7

Altars:
Elyvilon
Nemelex Xobeh
Uskayaw
Xom

Annotations:
D:4 Pikel


Innate Abilities, Weirdness & Mutations

You heal slowly.
You have razor-sharp teeth.
You have supernaturally acute eyesight. (SInv)
You can survive without breathing.


Message History

You miss the slave.
The slave is moderately wounded.
You hit Pikel but do no damage. Your bite misses Pikel.
You hit Pikel but do no damage.
Pikel hits you with a whip of electrocution.
You are electrocuted!
You hit Pikel but do no damage. Pikel misses you.
You hit Pikel.
Pikel is lightly wounded.
Pikel hits you with a whip of electrocution.
* * * LOW HITPOINT WARNING * * *
Unknown command.
You feel better.
Pikel hits you with a whip of electrocution!
* * * LOW HITPOINT WARNING * * *
You feel better.
Pikel hits you with a whip of electrocution.
* * * LOW HITPOINT WARNING * * *
You are electrocuted!
You die...

#........#..#
#.#
#......#.#..#
#.#
########.#..#
#.# #..# #.#
#..# #.# ..#
#.# #.# #.#
#@# #K# #p#
#p# #p# #p#
#.# #.#


You could see Pikel and 4 slaves.

Vanquished Creatures
  An ogre (D:4)
  Crazy Yiuf (D:2)
  Terence (D:3)
  2 adders
  2 oozes (D:3)
  A dart slug (D:3)
  2 giant geckos
  6 orcs (D:3)
  A ball python (D:2)
  4 giant cockroaches
  A goblin (D:3)
  8 hobgoblins
  4 kobolds
  A quokka (D:3)
  5 bats
  2 giant newts (D:2)
  7 rats
49 creatures vanquished.

Notes
Turn   | Place    | Note
--------------------------------------------------------------
     0 | D:1      | zxpr0jk the Vampire Gladiator began the quest for the Orb.
     0 | D:1      | Reached XP level 1. HP: 16/16 MP: 1/1
   312 | D:1      | Reached XP level 2. HP: 22/22 MP: 2/2
   698 | D:2      | Reached skill level 1 in Stealth
   739 | D:2      | Noticed Crazy Yiuf
   750 | D:2      | Killed Crazy Yiuf
   750 | D:2      | Reached XP level 3. HP: 8/27 MP: 3/3
  1087 | D:2      | Reached skill level 1 in Armour
  1288 | D:2      | Found a faded altar of an unknown god.
  1591 | D:3      | Reached XP level 4. HP: 33/33 MP: 4/4
  1859 | D:3      | Noticed Terence
  1872 | D:3      | Killed Terence
  1980 | D:3      | Found a white marble altar of Elyvilon.
  1986 | D:3      | Found a shimmering altar of Xom.
  1986 | D:3      | Found a hide-covered altar of Uskayaw.
  2035 | D:3      | Found a sparkling altar of Nemelex Xobeh.
  2259 | D:4      | Noticed an ogre
  2265 | D:4      | Killed an ogre
  2265 | D:4      | Reached XP level 5. HP: 38/38 MP: 5/5
  2464 | D:4      | Noticed a slave
  2466 | D:4      | Noticed a slave
  2467 | D:4      | Noticed Pikel
  2468 | D:4      | Noticed a slave
  2469 | D:4      | Noticed a slave
  2479 | D:4      | Slain by Pikel

Vault maps used:
D:1:      evilmike_arrival_plus
D:2:      ecumenical_altar_2, uniq_crazy_yiuf_cottage
D:3:      gammafunk_temple_overflow_forgotten, lemuel_coloured_pillars_altar,
          uniq_terence
D:4:      first_bread, kennysheep_generic_room_13, uniq_sigmund, uniq_pikel

Skill      XL: |  1  2  3  4 |
---------------+-------------+-----
Stealth        | 2 4 |  4.2
Fighting       | 2 |  2.3
Armour         | 1 2 |  2.1
Short Blades   | 4 |  4.5
Throwing       | |  1.6
Dodging        | |  3.8

Action                   |  1- 3 |  4- 6 || total
-------------------------+-------+-------++-------
Melee: Rapier            |    82 |    69 ||   151
       Bite              |     8 |    11 ||    19
  Use: Potion            |       |     5 ||     5
 Stab: Sleeping          |     2 |     6 ||     8
       Invisible         |       |     4 ||     4
       Distracted        |       |     1 ||     1
  Eat: Corpse            |       |     1 ||     1
Armor: Leather armour    |    24 |     9 ||    33
Dodge: Dodged            |    53 |    35 ||    88
